 Dungeon Crawl Stone Soup version 0.30-b1-2-g02819fbbbe (webtiles) character file.

Game seed: 16525903267479773075

715 Ashen the Caller (level 7, -7/68 HPs)
             Began as an Ogre Summoner on Aug 29, 2023.
             Was an Initiate of Sif Muna.
             Mangled by an ice beast (10 damage)
             ... on level 6 of the Dungeon.
             The game lasted 00:08:30 (5137 turns).

Ashen the Caller (Ogre Summoner)                    Turns: 5137, Time: 00:08:32

Health: -7/68      AC: -8    Str: 13    XL:     7   Next: 69%
Magic:  12/14      EV: 10    Int: 18    God:    Sif Muna [......]
Gold:   229        SH:  0    Dex:  9    Spells: 3/16 levels left

rFire   . . .        h - +0 dire flail
rCold   . . .        (shield currently unavailable)
rNeg    . . .        a - +0 robe
rPois   .            (helmet restricted)
rElec   .            n - +0 cloak
rCorr   .            (gloves unavailable)
SInv    .            (boots unavailable)
Will    .....        (no amulet)
Stlth   ++           (no ring)
HPRegen 0.31/turn    (no ring)
MPRegen 0.14/turn

%: no passive effects
@: corroded
A: large, unfitting armour, tough skin 1
a: Renounce Religion


You were on level 6 of the Dungeon.
You worshipped Sif Muna.
Sif Muna was noncommittal.
You visited 2 branches of the dungeon, and saw 7 of its levels.

You collected 229 gold pieces.

Inventory:

Hand Weapons
 h - a +0 dire flail (weapon)
Armour
 a - a +0 robe (worn)
 n - a +0 cloak (worn)
Jewellery
 c - a ring of fire
 m - a +6 ring of intelligence
Scrolls
 d - a scroll of immolation {unknown}
 g - 4 scrolls of identify {unknown}
 j - 3 scrolls of enchant weapon {unknown}
 o - 2 scrolls of fog {unknown}
 q - 2 scrolls of vulnerability {unknown}
 u - a scroll of blinking {unknown}
 v - a scroll of summoning {unknown}
Potions
 b - a potion of magic
 e - a potion of invisibility {unknown}
 f - a potion of degeneration {unknown}
 i - 2 potions of lignification {unknown}
 k - a potion of might {unknown}
 l - 2 potions of attraction {unknown}
 r - a potion of haste {unknown}
 s - a potion of mutation {unknown}
 t - 2 potions of flight {unknown}
 w - a potion of resistance {unknown}


   Skills:
 + Level 3.9 Fighting
 + Level 2.3 Maces & Flails
 + Level 3.2 Dodging
 - Level 1.6 Stealth
 * Level 5.2 Spellcasting
 * Level 5.4 Summonings


You had 3 spell levels left.
You knew the following spells:

 Your Spells              Type           Power      Damage    Failure   Level
a - Summon Small Mammal   Summ           96%        N/A       1%          1
b - Call Imp              Summ           48%        N/A       1%          2
c - Call Canine Familiar  Summ           24%        N/A       4%          3
d - Summon Guardian Gole  Hex/Summ       14%        N/A       13%         3
e - Summon Lightning Spi  Summ/Air       14%        N/A       38%         4

Your spell library contained the following spells:

 Spells                   Type           Power      Damage    Failure   Level
 Slow                     Hex            16%        N/A       13%         1
 Confusing Touch          Hex            4%         N/A       36%         3
 Vampiric Draining        Necr           4%         2d6       36%         3


Dungeon Overview and Level Annotations

Branches:
Dungeon (6/15)             Temple (1/1) D:5

Altars:
Ashenzari
Cheibriados
Dithmenos
Elyvilon
Gozag
Hepliaklqana
Kikubaaqudgha
Makhleb
Nemelex Xobeh
Okawaru
Qazlal
Ru
Sif Muna
Trog
Vehumet
Wu Jian
Yredelemnul
Zin
The Shining One

Annotations:
D:3 2 transporters, diceflayer's ghost, amateur DsHu


Innate Abilities, Weirdness & Mutations

You are too large for most types of armour.
You have tough skin. (AC +1)


Message History

The ice beast hits your cerulean imp.
The ice beast freezes your cerulean imp!
Your hound bites the ice beast but does no damage.
Your hound completely misses the ice beast.
Your cerulean imp closely misses the ice beast.
The ice beast barely misses your cerulean imp.
Your hound barely misses the ice beast.
Your cerulean imp hits the ice beast but does no damage.
The ice beast misses your cerulean imp.
Your hound bites the ice beast.
Your hound bites the ice beast.
Your cerulean imp hits the ice beast with a -2 spear.
The ice beast hits your cerulean imp.
Your cerulean imp dies!
Your cerulean imp disappears in a puff of smoke!
Your hound closely misses the ice beast.
Your hound bites the ice beast.
You are too injured to fight recklessly!
You hit the ice beast but do no damage.
The ice beast is almost dead.
Your hound barely misses the ice beast.
The ice beast hits you. The ice beast freezes you!
* * * LOW HITPOINT WARNING * * *
You hit the ice beast but do no damage.
The ice beast is almost dead.
Your hound bites the ice beast.
Your hound closely misses the ice beast.
The ice beast barely misses you.
You feel better.
Your hound barely misses the ice beast.
The ice beast hits you.
* * * LOW HITPOINT WARNING * * *
The ice beast freezes you.
* * * LOW HITPOINT WARNING * * *
Your hound bites the ice beast but does no damage.
You closely miss the ice beast.
The ice beast is almost dead.
Your hound closely misses the ice beast.
The ice beast hits you.
* * * LOW HITPOINT WARNING * * *
The ice beast freezes you!
You die...

#.# #...###...#
#.# #........#
#.# #......# #.#
#....[# #.#
##.....## #.##
##<.†....#
#).###....#...##
##..h...####...##
#.@Y.### ##...#
##..## ##..##
#### ##..# #..#
#..## #...##
##.... ####. ##


You could see an ice beast (ally target) and a friendly hound (summoned,
corroded).

Vanquished Creatures
  A water moccasin (D:5)
  A black bear (D:6)
  A phantom (D:4)
  2 jellies
  Crazy Yiuf (D:2)
  A hound (D:4)
  An iguana (D:5)
  Jessica (D:2)
  5 adders
  An ufetubus (D:5)
  A worm (D:5)
  4 dart slugs
  8 ball pythons
  10 bats
  6 endoplasms
  4 giant cockroaches
  12 goblins
  6 hobgoblins
  4 jackals (D:2)
  5 quokkas
  4 frilled lizards
  6 kobolds
  3 rats (D:2)
88 creatures vanquished.

Vanquished Creatures (collateral kills)
  A black bear (D:4)
  A jelly (D:6)
  A bat (D:1)
  2 endoplasms (D:1)
  2 goblins
  A hobgoblin (D:4)
  A ball python (D:1)
  A frilled lizard (D:1)
10 creatures vanquished.

Grand Total: 98 creatures vanquished

Notes
Turn   | Place    | Note
-------+----------+-------------------------------------------
     0 | D:1      | Ashen the Ogre Summoner began the quest for the Orb.
     0 | D:1      | Reached XP level 1. HP: 16/16 MP: 3/3
   245 | D:1      | Reached XP level 2. HP: 22/24 MP: 5/5
   586 | D:1      | Reached XP level 3. HP: 29/32 MP: 7/7
   640 | D:1      | You fall into a shaft and drop 1 floor!
   640 | D:2      | Found a bloodstained altar of Trog.
   652 | D:2      | Reached skill level 1 in Fighting
   852 | D:2      | Found a runed translucent door.
   853 | D:2      | Noticed Crazy Yiuf
   857 | D:2      | Learned a level 2 spell: Call Imp
   861 | D:2      | Learned a level 3 spell: Call Canine Familiar
   886 | D:2      | Killed Crazy Yiuf
   887 | D:2      | Reached XP level 4. HP: 16/41 MP: 1/8
  1467 | D:2      | Noticed Jessica
  1470 | D:2      | Killed Jessica
  1471 | D:2      | Reached skill level 1 in Maces & Flails
  1471 | D:2      | Reached XP level 5. HP: 49/49 MP: 10/10
  1686 | D:3      | Found a radiant altar of Vehumet.
  1732 | D:3      | Found a transporter.
  1736 | D:3      | Noticed diceflayer's ghost (amateur DsHu)
  1753 | D:3      | Found a transporter.
  2526 | D:4      | Reached XP level 6. HP: 50/59 MP: 12/12
  2804 | D:4      | Found a glowing golden altar of the Shining One.
  3066 | D:4      | Noticed a black bear
  3085 | D:4      | Killed a black bear
  3542 | D:5      | Entered Level 5 of the Dungeon
  3547 | D:5      | Learned a level 3 spell: Summon Guardian Golem
  3552 | D:5      | Learned a level 4 spell: Summon Lightning Spire
  3732 | D:5      | Reached skill level 5 in Summonings
  3838 | D:5      | Reached XP level 7. HP: 67/67 MP: 13/13
  3996 | D:5      | Found a staircase to the Ecumenical Temple.
  4086 | Temple   | Entered the Ecumenical Temple
  4178 | Temple   | Became a worshipper of Sif Muna the Loreminder
  4937 | D:6      | Reached skill level 5 in Spellcasting
  5137 | D:6      | HP: 3/68 [ice beast (5)]
  5137 | D:6      | Mangled by an ice beast

Illustrated notes

Levels and vault maps discovered:
D:1:      mrwooster_arrival_statue, layout_loops_cross, serial_shops, shop,
          nicolae_concentric_dashed_squares_wild
D:2:      layout_loops_ring, basic_altar, uniq_crazy_yiuf_cottage, uniq_jessica
D:3:      layout_loops_ring, nicolae_vehumet_radiance,
          gammafunk_ghost_stat_death
D:4:      layout_cave_pods, tso_metal_star
D:5:      layout_basic, minmay_temple_entry_junction
D:6:      layout_layer_cave, nicolae_uskayaw_en_pointe, kennysheep_another_room
Temple:   nicolae_temple_bog_church

Skill      XL: |  1  2  3  4  5  6  7 |
---------------+----------------------+-----
Dodging        | 2 3 |  3.2
Fighting       | 1 2 3 |  3.9
Spellcasting   | 3 4 5 |  5.2
Summonings     | 4 5 |  5.4
Maces & Flails | 1 2 |  2.3
Stealth        | |  1.6

Action                     |  1- 3 |  4- 6 |  7- 9 || total
---------------------------+-------+-------+-------++-------
  Melee: Unarmed           |    18 |       |       ||    18
         Dire flail        |    90 |   248 |    63 ||   401
   Cast: Summon Small Mamm |     4 |     2 |       ||     6
         Call Canine Famil |     2 |     2 |     5 ||     9
         Call Imp          |     1 |     1 |     3 ||     5
    Use: Potion            |       |       |     1 ||     1
   Stab: Sleeping          |     3 |     4 |     2 ||     9
 Armour: Robe              |    52 |   124 |    29 ||   205
  Dodge: Dodged            |    85 |   170 |    36 ||   291
